 Dungeon Crawl Stone Soup version 0.29-a0-214-g17f627cfee (webtiles) character file.

Game seed: 344087539562598804

8381 mcwallace the Blocker (level 11, -5/87 HPs)
             Began as a Formicid Fighter on Feb 24, 2022.
             Was an Elder of Cheibriados.
             Slain by a seven-headed hydra (9 damage)
             ... on level 1 of the Lair of Beasts.
             The game lasted 00:28:58 (13360 turns).

mcwallace the Blocker (Formicid Fighter)           Turns: 13360, Time: 00:28:59

Health: -5/87      AC: 12    Str: 36    XL:     11   Next: 54%
Magic:  0/21       EV: 18    Int: 17    God:    Cheibriados [****..]
Gold:   510        SH:  7    Dex: 23    Spells: 24/24 levels left

rFire   . . .      SeeInvis +   o - +1 whip (venom) {mace}
rCold   . . .      Faith    .   c - +0 buckler
rNeg    . . .      Spirit   +   t - +1 chain mail of Gylyruc {rElec}
rPois   .          Reflect  .   (helmet unavailable)
rElec   +          Harm     .   w - scarf {shadows}
rCorr   .          Rampage  .   (no gloves)
Will    +....                   (no boots)
Stlth   ..........              e - amulet of guardian spirit
HPRegen 0.24/turn               N - +6 ring of strength
MPRegen 0.17/turn               X - +4 ring of evasion

@: very slow
A: permanent stasis, dig shafts and tunnels, antennae 3, four strong arms
a: Dig, Shaft Self, Renounce Religion, Bend Time, Temporal Distortion, Slouch


You were on level 1 of the Lair of Beasts.
You worshipped Cheibriados.
Cheibriados was greatly pleased with you.
You visited 3 branches of the dungeon, and saw 12 of its levels.
You also visited: Ossuary.

You collected 510 gold pieces.


Innate Abilities, Weirdness & Mutations

You cannot be hasted, slowed, berserked, paralysed or teleported.
You can dig through walls and to a lower floor.
You have a pair of large antennae on your head. (SInv)
Your four strong arms can wield two-handed weapons with a shield.


   Skills:
 + Level 8.5 Fighting
 - Level 2.0 Staves
 + Level 8.6 Armour
 + Level 6.5 Dodging
 - Level 9.1 Shields
 + Level 7.1 Spellcasting
 + Level 8.0 Poison Magic
 + Level 2.0 Invocations


You had 24 spell levels left.
You didn't know any spells.
Your spell library contained the following spells:

 Spells                   Type           Power      Damage    Failure   Level
 Corpse Rot               Necr/Air       12%        N/A       56%         2
 Dazzling Flash           Conj/Hex       12%        N/A       80%         3
 Inner Flame              Hex/Fire       6%         N/A       80%         3
 Cause Fear               Hex            3%         N/A       99%         4
 Dispel Undead            Necr           6%         3d8       99%         4
 Passage of Golubria      Tloc           6%         N/A       99%         4
 Agony                    Necr           6%         N/A       100%        5
 Silence                  Hex/Air        3%         N/A       100%        5
 Death Channel            Necr           3%         N/A       100%        6
 Discord                  Hex            3%         N/A       100%        8
 Lehudib's Crystal Spear  Conj/Erth      3%         10d2      100%        8

Inventory:

Hand Weapons
 d - a +1 vorpal mace {mace}
   (You took it off Terence on level 2 of the Dungeon)
 m - a +1 shortbow of freezing {bow}
   (You took it off a centaur on level 6 of the Dungeon)
 o - a +1 whip of venom (weapon) {mace}
   (You took it off a kobold on level 2 of the Dungeon)
 u - a +1 long sword of holy wrath {long}
   (You found it on level 3 of the Dungeon)
Missiles
 i - 406 stones {throwing}
 j - 3 javelins (quivered) {throwing}
Armour
 c - a +0 buckler (worn)
 t - the +1 chain mail of Gylyruc (worn) {rElec}
   (You found it on level 3 of the Dungeon)

   rElec:     It insulates you from electricity.
 w - a scarf of shadows (worn)
   (You found it on level 3 of the Dungeon)
 y - a +1 troll leather armour {Snorg}
   (You found it on level 10 of the Dungeon)
 B - a +0 scale mail
   (You took it off an orc priest on level 4 of the Dungeon)
 F - a +0 robe
   (You found it on level 4 of the Dungeon)
 K - a +0 leather armour
   (You found it on level 5 of the Dungeon)
 L - a +0 robe
   (You found it on level 5 of the Dungeon)
 M - a +0 leather armour
   (You found it on level 5 of the Dungeon)
 Q - +0 steam dragon scales
   (You found it on level 6 of the Dungeon)
 R - a +0 ring mail
   (You took it off an orc on level 7 of the Dungeon)
 S - a +0 ring mail
   (You took it off an orc on level 7 of the Dungeon)
 U - a +0 robe
   (You took it off an orc wizard on level 6 of the Dungeon)
 V - a +0 robe
   (You took it off an orc wizard on level 7 of the Dungeon)
 W - a +0 ring mail
   (You took it off an orc priest on level 7 of the Dungeon)
 Y - a +0 ring mail
   (You took it off an orc on level 7 of the Dungeon)
 Z - a +0 leather armour
   (You took it off an orc on level 7 of the Dungeon)
Magical Staves
 T - a staff of death {!astaff}
   (You found it on level 7 of the Dungeon)
Jewellery
 e - an amulet of guardian spirit (around neck)
   (You found it on level 1 of the Dungeon)
 k - a ring of poison resistance
   (You found it on level 8 of the Dungeon)
 I - a ring of willpower
   (You found it on level 5 of the Dungeon)
 N - a +6 ring of strength (left hand)
   (You found it on level 5 of the Dungeon)
 X - a +4 ring of evasion (right hand)
   (You found it on level 7 of the Dungeon)
Wands
 r - a wand of digging (8)
   (You found it on level 8 of the Dungeon)
 A - a wand of charming (3)
   (You found it on level 10 of the Dungeon)
 C - a wand of flame (4)
   (You found it on level 10 of the Dungeon)
 H - a wand of polymorph (13)
   (You found it on level 5 of the Dungeon)
Scrolls
 b - a scroll of fog
 f - a scroll of silence {!r}
 q - a scroll of enchant armour
 s - 5 scrolls of amnesia
 z - a scroll of acquirement {unknown}
 D - a scroll of noise {unknown}
 E - a scroll of magic mapping {unknown}
 O - 2 scrolls of enchant weapon
Potions
 a - a potion of lignification {!q}
 l - 2 potions of brilliance {unknown}
 n - a potion of cancellation {unknown}
 p - a potion of attraction {unknown}
 v - a potion of resistance {unknown}
 x - 3 potions of flight
 G - 2 potions of mutation {unknown}
 J - a potion of magic {unknown}
 P - a potion of invisibility {unknown}

Dungeon Overview and Level Annotations

Branches:
Dungeon (10/15)            Temple (1/1) D:6            Lair (1/6) D:10
    Orc (0/2) D:10        Ossuary (visited)

Altars:
Ashenzari
Cheibriados
Dithmenos
Elyvilon
Fedhas
Gozag
Hepliaklqana
Kikubaaqudgha
Makhleb
Nemelex Xobeh
Okawaru
Qazlal
Ru
Sif Muna
Trog
Vehumet
Wu Jian
Xom
Yredelemnul
Zin
The Shining One

Shops:
D:4 :

Annotations:
D:5 3 runed translucent doors, dualclasshuman's ghost, novice DrGl

. .## .. #.# ######
P.##.# #.##P###......
########......@D.....
###.........##.#.......
......##.########......
########## ......
...... ...... ######


You could see a seven-headed hydra (very poisoned).


Message History

The seven-headed hydra closely misses you.
The seven-headed hydra bites you but does no damage. 😱 HP[-5]
You take 5 damage, and now have 18/87 hp.
You whack the seven-headed hydra!
You block the seven-headed hydra's attack.
The seven-headed hydra bites you!
* * * LOW HITPOINT WARNING * * *
You block the seven-headed hydra's attack.
The seven-headed hydra bites you but does no damage.
The seven-headed hydra bites you.
* * * LOW HITPOINT WARNING * * *
You block the seven-headed hydra's attack.
The seven-headed hydra bites you but does no damage.
The seven-headed hydra bites you.
* * * LOW HITPOINT WARNING * * *
The seven-headed hydra barely misses you.
You block the seven-headed hydra's attack.
The seven-headed hydra bites you but does no damage. x2
The seven-headed hydra closely misses you.
The seven-headed hydra completely misses you. 😱 HP[-15] MP[-2]
You take 15 damage, and now have 3/87 hp.
You lost 2 mp, and now have 0/21 mp.
You feel much better. The seven-headed hydra misses you.
The seven-headed hydra completely misses you.
The seven-headed hydra bites you!
* * * LOW HITPOINT WARNING * * *
You block the seven-headed hydra's attack.
The seven-headed hydra bites you.
* * * LOW HITPOINT WARNING * * *
The seven-headed hydra barely misses you.
The seven-headed hydra completely misses you. 😱 HP[+7]
You regained 7 hp, and now have 10/87 hp.
You feel better. The seven-headed hydra bites you.
* * * LOW HITPOINT WARNING * * *
The seven-headed hydra bites you but does no damage.
You block the seven-headed hydra's attack. x2
The seven-headed hydra bites you.
* * * LOW HITPOINT WARNING * * *
The seven-headed hydra completely misses you.
The seven-headed hydra closely misses you. 😱 HP[+5] MP[+1]
You regained 5 hp, and now have 15/87 hp.
Aiming: Charm
Press: ? - help, Q - select action, (/) - cycle Shift-Dir - straight line
Okay, then.
You hit the seven-headed hydra.
The seven-headed hydra bites you but does no damage.
The seven-headed hydra completely misses you.
You block the seven-headed hydra's attack.
The seven-headed hydra completely misses you.
The seven-headed hydra barely misses you.
The seven-headed hydra bites you but does no damage.
You block the seven-headed hydra's attack.
You hit the seven-headed hydra.
The seven-headed hydra completely misses you.
You block the seven-headed hydra's attack.
The seven-headed hydra closely misses you.
The seven-headed hydra barely misses you.
The seven-headed hydra completely misses you.
You block the seven-headed hydra's attack.
The seven-headed hydra bites you.
* * * LOW HITPOINT WARNING * * *
😱 HP[-2]
You take 2 damage, and now have 13/87 hp.
You whack the seven-headed hydra!
The seven-headed hydra is poisoned.
The seven-headed hydra bites you but does no damage.
The seven-headed hydra barely misses you.
The seven-headed hydra bites you.
* * * LOW HITPOINT WARNING * * *
You block the seven-headed hydra's attack.
The seven-headed hydra bites you but does no damage.
The seven-headed hydra completely misses you.
The seven-headed hydra bites you but does no damage. 😱 HP[-6]
You take 6 damage, and now have 7/87 hp.
Aiming: Throw Flame
Press: ? - help, Q - select action, (/) - cycle Shift-Dir - straight line, f - seven-headed hydra
Aim: a seven-headed hydra (severely wounded, very poisoned, 89% to hit)
The puff of flame hits the seven-headed hydra.
The seven-headed hydra misses you.
You block the seven-headed hydra's attack.
The seven-headed hydra barely misses you.
The seven-headed hydra completely misses you.
The seven-headed hydra closely misses you.
You block the seven-headed hydra's attack.
The seven-headed hydra bites you.
* * * LOW HITPOINT WARNING * * *
😱 HP[-3]
You take 3 damage, and now have 4/87 hp.
Okay, then.
Aiming: Polymorph
Press: ? - help, Q - select action, (/) - cycle Shift-Dir - straight line, f/p - seven-headed hydra
Aim: a seven-headed hydra (severely wounded, very poisoned, will become a spark wasp, a broodmother, or a slime creature, chance to affect: 17%)
Okay, then.
Unknown command.
You barely miss the seven-headed hydra. The seven-headed hydra bites you!
You die...

Skill      XL: |  1  2  3  4  5  6  7  8  9 10 11 |
---------------+----------------------------------+-----
Dodging        | 1 2 3 5 6 |  6.5
Shields        | 4 5 6 7 8 9 |  9.1
Spellcasting   | 1 2 3 4 5 6 7 |  7.1
Armour         | 4 5 6 8 |  8.6
Fighting       | 4 5 6 8 |  8.5
Poison Magic   | 3 5 7 8 |  8.0
Invocations    | 2 |  2.0
Staves         | |  2.0

Action                   |  1- 3 |  4- 6 |  7- 9 | 10-12 || total
-------------------------+-------+-------+-------+-------++-------
Melee: Quarterstaff      |    95 |       |       |       ||    95
       Mace              |       |    67 |     6 |       ||    73
       Unarmed           |       |    26 |       |       ||    26
       Whip              |       |    64 |   391 |   293 ||   748
       Long sword        |       |       |     9 |    69 ||    78
Throw: Boomerang         |       |     1 |     3 |       ||     4
       Stone             |       |       |     3 |     1 ||     4
       Javelin           |       |       |       |     8 ||     8
Invok: Bend Time         |       |       |       |     1 ||     1
Evoke: Wand              |       |       |       |     6 ||     6
  Use: Potion            |     1 |       |     1 |     9 ||    11
       Scroll            |       |       |     4 |     8 ||    12
Armor: Scale mail        |    42 |    32 |       |       ||    74
       Skin              |       |     7 |       |       ||     7
       Chain mail        |       |    11 |   190 |   173 ||   374
Dodge: Dodged            |    46 |    59 |   197 |   428 ||   730
Block: Buckler           |    22 |    26 |   110 |   184 ||   342

Levels and vault maps discovered:
D:1:      sevenhm_arrival_forest_fort_small_3, layout_basic
D:2:      layout_basic, basic_altar, uniq_natasha, uniq_terence
D:3:      layout_rooms, hellmonk_ecumenical_altar_prayer_group,
          lightli_corner_chamber, uniq_ijyb
D:4:      layout_cave_pools, old_standard_altar, serial_column_ruins,
          column_ruins_grid_1, column_ruins_grid_3, column_ruins_grid_1,
          column_ruins_grid_1, column_ruins_grid_1, column_ruins_grid_2,
          serial_shops, nicolae_shop_trees, bh_walls_and_bars, uniq_grinder
D:5:      wad_woods_stonehenge, layout_basic, ebering_ghost_rock_garden,
          uniq_pikel
D:6:      layout_basic, minmay_temple_entry_tees, uniq_prince_ribbit1
D:7:      layout_rooms
D:8:      layout_basic, nicolae_ossuary_entry_monument
D:9:      layout_roguey, minivault_1, moated_statue, due_unseen_surprise
D:10:     layout_rooms, erik_lair_island, orc_0_dummy, corexii_corridor_pit,
          uniq_snorg
Temple:   mainiacjoe_temple_archimedes_tessellation
Lair:1:   layout_roguey, infiniplex_staircase_pool

Notes
Turn   | Place    | Note
-------+----------+-------------------------------------------
     0 | D:1      | mcwallace the Formicid Fighter began the quest for the Orb.
     0 | D:1      | Reached XP level 1. HP: 18/18 MP: 1/1
     0 | D:1      | magus.rc [v1.9.6]
   183 | D:1      | Reached XP level 2. HP: 21/24 MP: 2/2
   776 | D:2      | Reached XP level 3. HP: 25/29 MP: 4/4
   883 | D:2      | You pick up a book of Hexes and begin reading...
   883 | D:2      | You add the spells Inner Flame, Cause Fear and Discord to
                  | your library.
  1046 | D:2      | Noticed Terence
  1058 | D:2      | Killed Terence
  1059 | D:2      | Reached skill level 1 in Dodging
  1059 | D:2      | Reached skill level 4 in Shields
  1059 | D:2      | Reached skill level 1 in Spellcasting
  1065 | D:2      | Reached XP level 4. HP: 15/37 MP: 5/5
  1302 | D:2      | Found a glowing golden altar of the Shining One.
  1633 | D:2      | Noticed Natasha
  1639 | D:2      | Killed Natasha
  2047 | D:2      | Noticed Natasha
  2065 | D:2      | Killed Natasha
  2066 | D:2      | Reached skill level 4 in Armour
  2066 | D:2      | Reached XP level 5. HP: 38/42 MP: 7/7
  2219 | D:2      | Noticed Natasha
  2229 | D:2      | Killed Natasha
  2230 | D:2      | Reached skill level 4 in Fighting
  2367 | D:3      | Noticed Ijyb
  2368 | D:3      | Noticed a sky beast
  2516 | D:2      | HP: 10/42 [sky beast (6)]
  2518 | D:2      | Killed a sky beast
  2519 | D:2      | Reached skill level 2 in Dodging
  2519 | D:2      | Reached skill level 2 in Spellcasting
  2519 | D:2      | Reached XP level 6. HP: 12/49 MP: 7/9
  2779 | D:3      | Killed Ijyb
  2838 | D:3      | Noticed an ogre
  3021 | D:3      | Identified the +1 chain mail of Gylyruc {rElec}
  3064 | D:3      | Found a faded altar of an unknown god.
  3501 | D:4      | Reached skill level 5 in Shields
  3738 | D:4      | Noticed an ogre
  3745 | D:4      | Reached XP level 7. HP: 37/55 MP: 10/10
  4146 | D:4      | Noticed Grinder
  4179 | D:4      | Killed Grinder
  4180 | D:4      | Reached skill level 5 in Fighting
  4180 | D:4      | Reached skill level 5 in Armour
  4180 | D:4      | Reached skill level 3 in Dodging
  4180 | D:4      | Reached skill level 3 in Spellcasting
  4596 | D:4      | Found Sasaoc's Book Shoppe.
  4643 | D:4      | Found a glowing silver altar of Zin.
  4652 | D:4      | Reached XP level 8. HP: 39/62 MP: 11/13
  5021 | D:5      | Entered Level 5 of the Dungeon
  5231 | D:5      | Found a runed translucent gate.
  5231 | D:5      | Found a runed translucent gate.
  5231 | D:5      | Found a runed translucent gate.
  5234 | D:5      | Noticed dualclasshuman's ghost (novice DrGl)
  5287 | D:5      | Noticed Pikel
  5407 | D:6      | Killed Pikel
  5408 | D:6      | Reached skill level 6 in Shields
  5408 | D:6      | Reached skill level 4 in Spellcasting
  5408 | D:6      | Reached skill level 2 in Poison Magic
  5785 | D:5      | Reached skill level 3 in Poison Magic
  5825 | D:5      | Reached XP level 9. HP: 62/69 MP: 15/15
  5881 | D:5      | Found a radiant altar of Vehumet.
  5959 | D:5      | Reached skill level 6 in Armour
  5959 | D:5      | Reached skill level 4 in Dodging
  5977 | D:5      | You pick up a book of the Senses and begin reading...
  5977 | D:5      | You add the spells Dazzling Flash, Agony and Silence to
                  | your library.
  6521 | D:6      | Reached skill level 6 in Fighting
  6899 | D:6      | You pick up a book of the Moon and begin reading...
  6899 | D:6      | You add the spells Passage of Golubria and Lehudib's
                  | Crystal Spear to your library.
  6986 | D:6      | Found a staircase to the Ecumenical Temple.
  7004 | Temple   | Entered the Ecumenical Temple
  7214 | Temple   | Became a worshipper of Cheibriados the Contemplative
  7352 | D:6      | Noticed Prince Ribbit
  7366 | D:6      | Killed Prince Ribbit
  7367 | D:6      | Reached skill level 4 in Poison Magic
  7415 | D:6      | Reached skill level 7 in Shields
  7748 | D:7      | HP: 17/71 [orc priest/divine providence (10)]
  8004 | D:6      | Reached skill level 5 in Spellcasting
  8297 | D:7      | Reached * piety under Cheibriados
  8328 | D:7      | Reached skill level 5 in Poison Magic
  8348 | D:7      | Reached skill level 5 in Dodging
  8348 | D:7      | Reached XP level 10. HP: 23/77 MP: 6/18
  8353 | D:7      | Reached skill level 7 in Armour
  8885 | D:8      | Found a sand-covered staircase.
  8895 | D:8      | Reached skill level 7 in Fighting
  9049 | Ossuary  | Entered an ossuary
  9237 | Ossuary  | Reached ** piety under Cheibriados
  9625 | D:8      | You pick up a book of Decay and begin reading...
  9625 | D:8      | You add the spells Corpse Rot, Dispel Undead and Death
                  | Channel to your library.
 10351 | D:9      | Noticed a two-headed ogre
 10361 | D:9      | Killed a two-headed ogre
 10362 | D:9      | Reached skill level 8 in Shields
 10362 | D:9      | Reached skill level 6 in Poison Magic
 10549 | D:9      | Noticed a two-headed ogre
 10559 | D:9      | Killed a two-headed ogre
 10559 | D:9      | Reached *** piety under Cheibriados
 10560 | D:9      | Reached skill level 6 in Spellcasting
 11317 | D:10     | Entered Level 10 of the Dungeon
 11425 | D:10     | Noticed a two-headed ogre
 11441 | D:10     | Killed a two-headed ogre
 11442 | D:10     | Reached skill level 8 in Fighting
 11442 | D:10     | Reached skill level 8 in Armour
 11442 | D:10     | Reached skill level 6 in Dodging
 11442 | D:10     | Reached skill level 7 in Poison Magic
 11442 | D:10     | Reached XP level 11. HP: 44/86 MP: 11/20
 11445 | D:10     | HP: 21/86 [poisoned by a killer bee]
 11456 | D:10     | HP: 21/86 [poisoned by a killer bee]
 11748 | D:10     | HP: 21/86 [troll (8)]
 12123 | D:10     | Reached skill level 9 in Shields
 12250 | D:10     | Found a staircase to the Lair.
 12282 | D:10     | Noticed a two-headed ogre
 12411 | D:9      | Reached **** piety under Cheibriados
 12777 | D:10     | Noticed Snorg
 12795 | D:10     | HP: 19/87 [Snorg (7)]
 12797 | D:10     | HP: 3/87 [Snorg (10)]
 12800 | D:10     | Killed Snorg
 12801 | D:10     | Reached skill level 7 in Spellcasting
 12801 | D:10     | Reached skill level 1 in Invocations
 13049 | D:10     | Killed a two-headed ogre
 13050 | D:10     | Reached skill level 8 in Poison Magic
 13050 | D:10     | Reached skill level 2 in Invocations
 13256 | D:10     | Found a staircase to the Orcish Mines.
 13271 | Lair:1   | Entered Level 1 of the Lair of Beasts
 13342 | Lair:1   | Noticed a seven-headed hydra
 13349 | Lair:1   | HP: 21/87 [seven-headed hydra (7)]
 13353 | Lair:1   | HP: 7/87 [seven-headed hydra (11)]
 13353 | Lair:1   | HP: 3/87 [seven-headed hydra (2)]
 13358 | Lair:1   | HP: 7/87 [seven-headed hydra (6)]
 13360 | Lair:1   | Slain by a seven-headed hydra

Vanquished Creatures
  Snorg (D:10)
  4 two-headed ogres
  Pikel (D:6)
  3 trolls (D:10)
  Grinder (D:4)
  Prince Ribbit (D:6)
  2 wyverns
  2 steam dragons
  A water moccasin (D:7)
  3 sky beasts
  A black bear (D:7)
  An orc warrior (D:9)
  A necrophage (D:6)
  2 wolves
  An ogre (D:3)
  A lemure (D:5)
  6 centaurs
  2 bullfrogs (D:7)
  A water moccasin zombie (D:5)
  4 killer bees (D:10)
  4 electric eels (D:10)
  3 howler monkeys
  6 centaur zombies
  3 bullfrog skeletons
  3 orc priests
  A jelly (D:7)
  7 hounds
  Ijyb (D:3)
  Natasha (thrice) (D:2)
  2 iguanas
  11 orc wizards
  Terence (D:2)
  3 hound skeletons
  3 mummies (Ossuary)
  A howler monkey zombie (D:8)
  4 adders
  3 river rats (D:5)
  A shadow imp (D:8)
  3 white imps
  2 ufetubi
  An adder zombie (Ossuary)
  2 dart slugs
  38 orcs
  7 ball pythons
  7 endoplasms
  3 giant cockroaches
  6 gnoll zombies (Ossuary)
  6 goblins
  2 hobgoblins
  2 jackals (D:2)
  10 kobolds
  5 quokkas
  5 bats
  4 frilled lizards
  2 goblin zombies (Ossuary)
  2 hobgoblin zombies (Ossuary)
  2 kobold zombies (Ossuary)
  2 quokka zombies (Ossuary)
  3 rats (D:2)
  3 rat zombies (Ossuary)
216 creatures vanquished.

Vanquished Creatures (others)
  An orc wizard (D:4)
  5 plants (D:5)
6 creatures vanquished.

Grand Total: 222 creatures vanquished

Table legend:
 A = Non-vault XP
 B = Vault XP
 C = Vault XP percentage of total XP
 D = Non-vault monster count
 E = Vault monster count
 F = Vault count percentage of total count
                 A         B        C        D         E       F
            +---------+---------+-------+---------+---------+-------
      Total |    8861 |    3113 |  26.0 |     173 |      43 |  19.9
            +---------+---------+-------+---------+---------+-------
        D:1 |      26 |       0 |   0.0 |      15 |       0 |   0.0
        D:2 |     257 |      67 |  20.7 |      24 |       2 |   7.7
        D:3 |     155 |      43 |  21.7 |      14 |       4 |  22.2
        D:4 |     227 |     277 |  55.0 |      26 |       1 |   3.7
        D:5 |     239 |      51 |  17.6 |       7 |       5 |  41.7
        D:6 |     665 |     940 |  58.6 |      13 |       2 |  13.3
        D:7 |    1355 |       0 |   0.0 |      24 |       0 |   0.0
        D:8 |     572 |       0 |   0.0 |      12 |       0 |   0.0
        D:9 |    2426 |     115 |   4.5 |      20 |       1 |   4.8
       D:10 |    2939 |    1538 |  34.4 |      18 |       7 |  28.0
    Ossuary |       0 |      82 | 100.0 |       0 |      21 | 100.0
            +---------+---------+-------+---------+---------+-------

Illustrated notes

Table legend:
 A = Kills in this place as a percentage of kills in entire the game.
 B = Kills by you in this place as a percentage of kills by you in the entire game.
 C = Kills by friends in this place as a percentage of kills by friends in the entire game.
 D = Other kills in this place as a percentage of other kills in the entire game.
 E = Experience gained in this place as a percentage of experience gained in the entire game.
 F = Experience gained in this place divided by the number of levels of this place that you have seen.
                   A       B       C       D       E      F
               +-------+-------+-------+-------+-------+----------------------
         Total | 100.0 | 100.0 |   N/A | 100.0 | 100.0 | 921.1
       Dungeon |  90.3 |  90.2 |   N/A | 100.0 |  99.3 | 1189.2
       Ossuary |   9.7 |   9.8 |   N/A |   0.0 |   0.7 |  82.0
               +-------+-------+-------+-------+-------+----------------------

Table legend: (Time is in decaauts)
 A = Elapsed time spent in this place.
 B = Non-inter-level travel time spent in this place.
 C = Inter-level travel time spent in this place.
 D = Time resting spent in this place.
 E = Time spent auto-exploring this place.
 F = Levels seen in this place.
 G = Mean time per level.
                   A        B        C        D        E       F      G
               +--------+--------+--------+--------+--------+-----+--------+
         Total |  14970 |  14408 |    562 |   2452 |   8729 |  13 | 1151.5 |
       Dungeon |  14112 |  13618 |    494 |   2300 |   8549 |  10 | 1411.2 |
        Temple |    270 |    202 |     68 |      0 |    177 |   1 |  270.0 |
          Lair |    140 |    140 |      0 |      0 |      3 |   1 |  140.0 |
       Ossuary |    447 |    447 |      0 |    152 |      0 |   1 |  447.0 |
               +--------+--------+--------+--------+--------+-----+--------+

Top non-repeatable levels by time:
     D:9: 2220 daAuts
     D:2: 2016 daAuts
     D:8: 1561 daAuts
    D:10: 1545 daAuts
     D:6: 1425 daAuts
     D:4: 1371 daAuts
     D:5: 1187 daAuts
     D:7: 1087 daAuts
     D:3: 966 daAuts
     D:1: 730 daAuts
 Ossuary: 447 daAuts
  Temple: 270 daAuts
  Lair:1: 140 daAuts
